 Dungeon Crawl Stone Soup version 0.20-a0-1089-g3fde505 (webtiles) character file.

23 lauthentik the Sneak (level 2, -2/19 HPs)
             Began as a Vampire Enchanter on May 3, 2017.
             Killed from afar by a dart slug (7 damage)
             ... with a slug dart
             ... on level 1 of the Dungeon.
             The game lasted 00:02:47 (1107 turns).

lauthentik the Sneak (Vampire Enchanter)            Turns: 1107, Time: 00:02:48

Health: -2/19      AC:  2    Str:  7    XL:     2   Next: 72%
Magic:  0/5        EV: 12    Int: 17    God:
Gold:   111        SH:  0    Dex: 14    Spells: 2/5 levels left

rFire    . . .     SeeInvis +   a - +1 dagger
rCold    + . .     Gourm    .   (no shield)
rNeg     + + .     Faith    .   b - +0 robe
rPois    +         Spirit   .   (no helmet)
rElec    .         Reflect  .   (no cloak)
rCorr    .         Harm     .   (no gloves)
MR       .....                  (no boots)
Stlth    ++++......             (no amulet)
Regen    0.1/turn               (no ring)
MPRegen  0.1/turn               (no ring)

@: regenerating slowly
A: fangs 3, see invisible, unbreathing
a: no special abilities


You were on level 1 of the Dungeon.
You were very thirsty.

You visited 1 branch of the dungeon, and saw 2 of its levels.

You collected 111 gold pieces.

Inventory:

Hand Weapons
 a - a +1 dagger (weapon)
 i - a +0 short sword
Missiles
 e - a throwing net (quivered)
Armour
 b - a +0 robe (worn)
Scrolls
 f - a scroll of amnesia {unknown}
 g - a scroll of identify {unknown}
 h - a scroll of recharging {unknown}
 j - a scroll of remove curse {unknown}
 k - a scroll of enchant weapon {unknown}
 l - 2 scrolls of teleportation {unknown}
Potions
 d - 5 potions of blood
Books
 c - a book of Maledictions

   Spells                             Type                      Level
   a - Corona                         Hexes                        1
   b - Ensorcelled Hibernation        Hexes/Ice                    2
   c - Confuse                        Hexes                        3
   d - Tukima's Dance                 Hexes                        3
   e - Dazzling Spray                 Conjuration/Hexes            3


   Skills:
 + Level 1.2 Short Blades
 + Level 2.1 Dodging
 + Level 5.1 Stealth
 + Level 2.2 Spellcasting
 + Level 4.9 Hexes
 + Level 0.2 Ice Magic


You had 2 spell levels left.
You knew the following spells:

 Your Spells              Type           Power        Failure   Level  Hunger
a - Ensorcelled Hibernat  Hex/Ice        ##....       10%         2    ###....
b - Corona                Hex            ###....      2%          1    #......


Dungeon Overview and Level Annotations

Branches:
Dungeon (2/15)

Altars:
Ru


Innate Abilities, Weirdness & Mutations

You heal slowly.
You have razor-sharp teeth.
You have supernaturally acute eyesight. (SInv)
You can survive without breathing.


Message History

Ouch! That really hurt!
* * * LOW HITPOINT WARNING * * *
Casting: Ensorcelled Hibernation
Confirm with . or Enter, or press ? or * to list all spells.
You don't have enough magic to cast that spell.
There is a stone staircase leading up here.
There are no items here.
You can't go down here!
You climb upwards.
A dart slug comes into view.
There is a stone staircase leading down here.
Casting: Ensorcelled Hibernation
Confirm with . or Enter, or press ? or * to list all spells.
Aiming: Ensorcelled Hibernation
Press: ? - help, Shift-Dir - straight line, f - dart slug
Aim: a dart slug (clinging, hasn't noticed you, chance to defeat MR: 59%)
The dart slug resists with significant effort.
The dart slug launches a dart at you. The slug dart hits you!
You die...

#.....# #.# ##.# #..
#.###.# #.# #># ###
#.###.# #.# #.#
#..##.######.#########.#
#........##............#
#..##.##.........(.#####
#..##........#####.#
#..#########..)w...#
#..### #@####..# #....#
#.# #..# #.##.# #.# #..#
#.##.#######.####..#
#.##.##............#
#............####..#
####.##.###..# #..#
#.##.# #..# #..# ##
#.##.# #..#
#..#########.


You could see a dart slug.

Vanquished Creatures
  A worm (D:2)
  A leopard gecko (D:1)
  A giant cockroach (D:2)
  3 goblins
  A hobgoblin (D:1)
  A bat (D:2)
  5 frilled lizards
  3 kobolds (D:1)
  5 rats
21 creatures vanquished.

Notes
Turn   | Place    | Note
-------+----------+-------------------------------------------
     0 | D:1      | lauthentik the Vampire Enchanter began the quest for the Orb.
     0 | D:1      | Reached XP level 1. HP: 13/13 MP: 3/3
   297 | D:1      | Reached XP level 2. HP: 17/19 MP: 3/5
   301 | D:1      | Learned a level 2 spell: Ensorcelled Hibernation
   664 | D:2      | Found a sacrificial altar of Ru.
   738 | D:2      | Reached skill level 5 in Stealth
  1107 | D:1      | Killed from afar by a dart slug

Vault maps used:
D:1:      minmay_arrival_semitransparent
D:2:      evilmike_ruin_ashenzari, marbit_many_paths, first_bread,
          nicolae_ru_sacrificial_ziggurat

Skill      XL: |  1  2 |
---------------+-------+-----
Stealth        | 5 |  5.1
Short Blades   | |  1.2
Dodging        | |  2.1
Spellcasting   | |  2.2
Hexes          | |  4.9
Ice Magic      | |  0.2

Action                   || total
-------------------------++-------
Melee: Dagger            ||    43
       Bite              ||     3
 Cast: Corona            ||     5
       Ensorcelled Hiber ||    13
 Stab: Sleeping          ||    11
Armor: Robe              ||     2
Dodge: Dodged            ||    23
